 Dungeon Crawl Stone Soup version 0.19.0-23-gf02e663 (webtiles) character file.

123 Rrauwl the Ruffian (level 5, -7/39 HPs)
             Began as a Formicid Transmuter on Nov 19, 2016.
             Was a Follower of Dithmenos.
             Mangled by a phantom (8 damage)
             ... on level 4 of the Dungeon.
             The game lasted 00:22:18 (2276 turns).

Rrauwl the Ruffian (Formicid Transmuter)            Turns: 2276, Time: 00:22:18

Health: -7/39      AC:  4    Str: 15    XL:     5   Next: 28%
Magic:  4/8        EV: 13    Int: 12    God:    Dithmenos [*.....]
Gold:   30         SH:  0    Dex: 12    Spells: 2 memorised, 5 levels left

rFire  . . .     SeeInvis +     i - +0 whip (curse)
rCold  . . .     Gourm    .     b - +0 robe
rNeg   + . .     Faith    .     (no shield)
rPois  .         Spirit   .     (helmet unavailable)
rElec  .         Reflect  .     j - +0 cloak
rCorr  .         Harm     .     (no gloves)
MR     .....                    p - +0 pair of boots
Stlth  +.........               (no amulet)
                                (no ring)
                                l - ring of positive energy

@: wreathed by umbra
A: permanent stasis, dig shafts and tunnels, four strong arms, antennae 3
a: Dig, Shaft Self, Renounce Religion


You were on level 4 of the Dungeon.
You worshipped Dithmenos.
Dithmenos was aware of your devotion.
You were hungry.

You visited 1 branch of the dungeon, and saw 4 of its levels.

You collected 30 gold pieces.

Inventory:

Hand Weapons
 i - a cursed +0 whip (weapon)
Missiles
 a - 35 arrows
 g - 53 stones (quivered)
Armour
 b - a +0 robe (worn)
 j - a +0 cloak (worn)
 p - a +0 pair of boots (worn)
Jewellery
 l - a ring of positive energy (left hand)
Scrolls
 h - 8 scrolls of identify
Potions
 f - a potion of brilliance
Books
 c - a book of Changes

   Spells                             Type                      Level
   a - Beastly Appendage              Transmutation                1
   b - Sticks to Snakes               Transmutation                2
   c - Spider Form                    Transmutation/Poison         3
   d - Ice Form                       Ice/Transmutation            4
   e - Blade Hands                    Transmutation                5
Comestibles
 d - 4 bread rations
 k - 2 beef jerkies
 m - 2 meat rations
 o - 2 fruits
 q - a slice of pizza


   Skills:
 + Level 2.5 Fighting
 + Level 2.6 Maces & Flails
 - Level 3.0 Dodging
 - Level 3.0 Unarmed Combat
 - Level 2.1 Spellcasting
 - Level 2.1 Transmutations


You had 5 spell levels left.
You knew the following spells:

 Your Spells              Type           Power        Failure   Level  Hunger
a - Beastly Appendage     Tmut           #.....       12%         1    ##.....
b - Sticks to Snakes      Tmut           #.......     17%         2    ###....


Dungeon Overview and Level Annotations

Branches:
Dungeon (3/15)

Altars:
Ashenzari
Cheibriados
Dithmenos
Yredelemnul
The Shining One


Innate Abilities, Weirdness & Mutations

You are under a permanent stasis effect.
You can dig through walls and to a lower floor.
Your four strong arms can wield two-handed weapons with a shield.
You have a pair of large antennae on your head. (SInv)


Message History

Your adder bites the orc.
The orc dies!
Dithmenos accepts your kill.
You barely miss the phantom.
The phantom is moderately damaged.
The phantom hits you.
* * * LOW HITPOINT WARNING * * *
The phantom blinks!
Casting: Sticks to Snakes
Confirm with . or Enter, or press ? or * to list all spells.
You create a snake!
You now have 35 arrows.
The orc hits your adder with a dagger. Something hits your ball python.
You hit the phantom.
The phantom is moderately damaged.
The orc misses your adder. The phantom closely misses you.
Your ball python closely misses the phantom.
You closely miss the phantom.
The phantom is moderately damaged.
The orc hits your adder with a dagger. The phantom hits you!
You die...

########.
#o...!..o
#.#######
#.# #.#
#.# #.#
#######
######.#
#......
#.W@So.#
#.#####
#S######
#.# #.#
#.# #.#
#.# #.#
#.# #.#
#.# #.#
#.# #.#
#.# #.#
#.#


You could see a phantom, an orc, a friendly adder and a friendly ball python.

Vanquished Creatures
  An orc wizard (D:4)
  An orc priest (D:4)
  An ooze (D:2)
  A worm (D:2)
  A dart slug (D:1)
  2 leopard geckos (D:2)
  An orc (D:4)
  A ball python (D:1)
  2 giant cockroaches (D:2)
  4 goblins
  2 hobgoblins (D:2)
  A quokka (D:2)
  3 bats
  4 frilled lizards
  4 kobolds (D:1)
  8 rats
37 creatures vanquished.

Vanquished Creatures (collateral kills)
  2 adders (D:2)
  3 worms (D:2)
  A leopard gecko (D:2)
  An orc (D:4)
  A goblin (D:2)
  A hobgoblin (D:2)
  A spectral orc (D:2)
10 creatures vanquished.

Grand Total: 47 creatures vanquished

Notes
Turn   | Place    | Note
-------+----------+-------------------------------------------
     0 | D:1      | Rrauwl the Formicid Transmuter began the quest for the Orb.
     0 | D:1      | Reached XP level 1. HP: 15/15 MP: 3/3
   287 | D:1      | Reached XP level 2. HP: 8/21 MP: 3/5
   980 | D:1      | Learned a level 2 spell: Sticks to Snakes
  1176 | D:2      | Reached skill level 1 in Maces & Flails
  1176 | D:2      | Reached XP level 3. HP: 26/26 MP: 2/6
  1214 | D:2      | Found a snail-covered altar of Cheibriados.
  1215 | D:2      | Found a shadowy altar of Dithmenos.
  1215 | D:2      | Found a shattered altar of Ashenzari.
  1256 | D:2      | Became a worshipper of Dithmenos the Shadowed
  1516 | D:2      | Found a basalt altar of Yredelemnul.
  1634 | D:2      | Reached XP level 4. HP: 24/32 MP: 4/7
  1892 | D:2      | Found a glowing golden altar of the Shining One.
  2088 | D:3      | You fall through a shaft!
  2171 | D:4      | Noticed a phantom
  2233 | D:4      | HP: 1/33 [orc priest/divine providence (8)]
  2244 | D:4      | Reached * piety under Dithmenos
  2268 | D:4      | Reached XP level 5. HP: 3/39 MP: 8/8
  2273 | D:4      | HP: 1/39 [phantom (3)]
  2276 | D:4      | Mangled by a phantom

Skill      XL: |  1  2  3  4 |
---------------+-------------+-----
Dodging        | 2 3 |  3.0
Maces & Flails | 1 2 |  2.6
Fighting       | 2 |  2.5
Unarmed Combat | |  3.0
Spellcasting   | |  2.1
Transmutations | |  2.1

Action                   |  1- 3 |  4- 6 || total
-------------------------+-------+-------++-------
Melee: Unarmed           |    33 |       ||    33
       Whip              |    94 |    88 ||   182
       Kick              |    11 |       ||    11
       Punch             |       |     1 ||     1
 Cast: Beastly Appendage |    11 |       ||    11
       Sticks to Snakes  |    10 |    13 ||    23
  Use: Scroll            |     3 |       ||     3
       Potion            |     3 |     3 ||     6
  Eat: Chunk             |     4 |     2 ||     6
Armor: Robe              |    19 |    20 ||    39
Dodge: Dodged            |    73 |    35 ||   108
